 Dungeon Crawl Stone Soup version 0.17-a0-2014-g32cd421 (webtiles) character file.

1668 vatarom the Fighter (level 8, -1/105 HPs)
             Began as a Demonspawn Gladiator on Oct 9, 2015.
             Was an Initiate of Ru.
             Slain by a killer bee (6 damage)
             ... on level 6 of the Dungeon.
             The game lasted 00:13:29 (6632 turns).

vatarom the Fighter (Demonspawn Gladiator)          Turns: 6632, Time: 00:13:29

Health: -1/105     AC: 27    Str: 16    XL:     8   Next: 69%
Magic:  6/6        EV:  2    Int: 11    God:    Ru [......]
Gold:   586        SH:  0    Dex: 16    Spells: 0 memorised, 7 levels left

rFire  . . .     SeeInvis .     a - +0 quarterstaff
rCold  . . .     Clarity  +     (armour currently unavailable)
rNeg   + + +     SustAt   .     (no shield)
rPois  +         Gourm    .     (helmet currently unavailable)
rElec  .         Spirit   .     (cloak currently unavailable)
rCorr  .         Warding  .     (gloves currently unavailable)
rMut   .         NoTele   +     (boots currently unavailable)
MR     +....                    (no amulet)
Stlth  +.........               C - +3 ring of protection
                                k - +3 ring of evasion

@: lethally poisoned (-1 -> -12), tree-form, somewhat resistant to hostile
enchantments, very unstealthy
A: (hooves 0), (thin metallic scales 0), agile 1, clarity, demonic guardian 1,
low mp 2, magic resistance 1, (poison resistance), powered by pain 2, screaming
1, (electricity resistance)
a: Renounce Religion


You were on level 6 of the Dungeon.
You worshipped Ru.
Ru was noncommittal.
You were not hungry.
You were a tree.
You visited 2 branches of the dungeon, and saw 8 of its levels.
You also visited: Ossuary.

You collected 586 gold pieces.

Inventory:

Hand Weapons
 a - a +0 quarterstaff (weapon)
Missiles
 d - a throwing net (quivered)
Armour
 b - a +0 leather armour
 c - a +1 helmet (melded)
 e - a +0 cloak (melded)
 h - a +0 chain mail (melded)
 x - a +0 pair of boots (melded)
Jewellery
 k - a +3 ring of evasion (left branch)
 y - an uncursed ring of see invisible
 B - an uncursed amulet of regeneration
 C - a +3 ring of protection (right branch)
Wands
 t - a wand of fire (10)
 z - a wand of magic darts (17)
 E - a wand of fire (7)
 G - a wand of magic darts (37)
Scrolls
 f - 4 scrolls of remove curse
 m - 4 scrolls of identify
 p - a scroll of fog
 q - 2 scrolls of teleportation
 r - 2 scrolls of magic mapping
 s - a scroll of blinking
 v - 2 scrolls of amnesia
Potions
 i - a potion of brilliance
 j - a potion of degeneration
 l - 3 potions of ambrosia
 n - 3 potions of haste
 u - a potion of flight
 A - a potion of might
Comestibles
 g - a slice of pizza
 o - 2 bread rations
 w - 2 meat rations
 D - a beef jerky


   Skills:
 + Level 8.8 Fighting
 - Level 4.3 Staves
 - Level 1.7 Throwing
 - Level 5.2 Armour
 - Level 2.6 Dodging


You had 7 spell levels left.
You didn't know any spells.

Dungeon Overview and Level Annotations

Branches:
Dungeon (7/15)             Temple (1/1) D:5

Altars:
Ashenzari
Dithmenos
Fedhas
Gozag
Kikubaaqudgha
Nemelex Xobeh
Ru
Sif Muna
Vehumet

Shops:
D:4 *   D:6 }


Innate Abilities, Weirdness & Mutations

((You have hoof-like feet.))
((You are partially covered in thin metallic scales (AC +2).))
A weak demonic guardian rushes to your aid.
Your magical capacity is very low (-20% MP).
You sometimes gain power by taking damage.
You are agile. (Dex +2)
You possess an exceptional clarity of mind.
You are resistant to hostile enchantments.
((Your system is resistant to poisons.))
You occasionally shout uncontrollably at your foes.
((You are resistant to electric shocks.))


Message History

You feel sick.
The killer bee stings you but does no damage.
The killer bee barely misses you.
Unknown command.
Drink which item? (? for menu, Esc to quit)
Okay, then.
You thump the killer bee!
The killer bee is heavily wounded.
* * * LOW HITPOINT WARNING * * *
You feel sick.
The killer bee stings you but does no damage.
The killer bee completely misses you.
Unknown command.
You completely miss the killer bee.
The killer bee is heavily wounded.
* * * LOW HITPOINT WARNING * * *
You feel sick.
The killer bee stings you but does no damage.
Your iron imp misses the killer bee.
The killer bee stings you.
You die...

#.# #.# #.# #.# #.#
#.# ##########.#
....[......#######
......)........†♣#
...............5y#
#############.########
[# #...............#
.#####.######.######.#
.#..........#......#.#
...###.#..#.#.####.#.#
...#.#.#.......[.#.#.#
...#.#.#....#.##.#.#.#


You could see a killer bee and a friendly iron imp.

Vanquished Creatures
  The ghost of graki42 the Cudgeler, a novice OgBe of Trog (D:5)
  A sky beast (D:6)
  2 phantoms (D:6)
  A centaur (D:5)
  An elf zombie (Ossuary)
  A giant frog (D:6)
  A killer bee (D:6)
  A scorpion (D:5)
  A crimson imp (D:5)
  4 hounds
  A human zombie (Ossuary)
  Ijyb (D:3)
  A jelly (D:4)
  Terence (D:3)
  2 worker ants
  2 orc wizards
  3 mummies (Ossuary)
  5 adders
  An ooze (D:3)
  An adder skeleton (D:6)
  3 worms
  7 giant geckos
  8 orcs
  2 ball pythons
  7 bats
  3 giant cockroaches
  6 goblins
  7 hobgoblins
  17 jackals
  6 kobolds
  4 quokkas
  A ball python zombie (D:5)
  2 giant gecko skeletons (D:4)
  3 giant newts
  A gnoll zombie (Ossuary)
  An orc zombie (Ossuary)
  A quokka skeleton (D:4)
  6 rats
117 creatures vanquished.

Vanquished Creatures (collateral kills)
  A sky beast (D:5)
  An ogre (D:3)
  A killer bee (D:6)
  3 crimson imps (D:5)
  An orc priest (D:3)
  A worker ant (D:5)
  A big kobold zombie (Ossuary)
  2 hound zombies (Ossuary)
  A mummy (Ossuary)
  An adder (D:5)
  An adder zombie (Ossuary)
  A jackal (D:6)
  A goblin zombie (Ossuary)
  An orc zombie (Ossuary)
  2 rat zombies (Ossuary)
19 creatures vanquished.

Vanquished Creatures (others)
  An orc wizard (D:3)
  3 orcs (D:3)
  2 fungi (D:3)
6 creatures vanquished.

Grand Total: 142 creatures vanquished

Notes
Turn   | Place    | Note
--------------------------------------------------------------
     0 | D:1      | vatarom the Demonspawn Gladiator began the quest for the Orb.
     0 | D:1      | Reached XP level 1. HP: 16/16 MP: 1/1
   388 | D:1      | Reached skill level 3 in Staves
   401 | D:1      | Gained mutation: You sometimes gain a little power by taking damage. [demonic ancestry]
   401 | D:1      | Reached XP level 2. HP: 22/22 MP: 2/2
   870 | D:1      | Gained mutation: A weak demonic guardian rushes to your aid. [demonic ancestry]
   870 | D:1      | Reached XP level 3. HP: 17/27 MP: 3/3
  1060 | D:2      | Found a shadowy altar of Dithmenos.
  1229 | D:2      | Reached skill level 4 in Staves
  1919 | D:3      | Noticed an ogre
  1924 | D:3      | Killed an ogre
  1924 | D:3      | Gained mutation: You have large cloven feet. [demonic ancestry]
  1924 | D:3      | Reached XP level 4. HP: 33/33 MP: 4/4
  1940 | D:3      | Noticed Ijyb
  1943 | D:3      | Noticed Terence
  1947 | D:3      | Killed Ijyb
  1947 | D:3      | Gained mutation: You are partially covered in thin metallic scales (AC +2). [demonic ancestry]
  1947 | D:3      | Reached XP level 5. HP: 34/38 MP: 5/5
  1953 | D:3      | Killed Terence
  2456 | D:3      | Found a shattered altar of Ashenzari.
  2662 | D:3      | Found a radiant altar of Vehumet.
  2775 | D:3      | Found a blossoming altar of Fedhas.
  2781 | D:3      | Gained mutation: You have hoof-like feet. [demonic ancestry]
  2781 | D:3      | Reached XP level 6. HP: 41/44 MP: 6/6
  3001 | D:4      | Found Rer Yll's General Store.
  3175 | D:4      | Found a sand-covered staircase.
  3180 | Ossuary  | Entered an ossuary
  3276 | Ossuary  | Reached skill level 5 in Armour
  4239 | D:4      | Gained mutation: You sometimes gain power by taking damage. [demonic ancestry]
  4239 | D:4      | Reached XP level 7. HP: 51/51 MP: 7/7
  4274 | D:4      | Found a radiant altar of Vehumet.
  4688 | D:5      | Entered Level 5 of the Dungeon
  4770 | D:5      | Found a staircase to the Ecumenical Temple.
  4875 | Temple   | Entered the Ecumenical Temple
  4888 | Temple   | Became a worshipper of Ru the Awakened
  5005 | D:5      | Gained mutation: You are resistant to hostile enchantments. [potion of mutation]
  5005 | D:5      | Gained mutation: Your magical capacity is low (-10% MP). [potion of mutation]
  5393 | D:5      | Reached skill level 5 in Fighting
  5459 | D:5      | Noticed graki42's ghost (novice OgBe)
  5486 | D:5      | Killed graki42's ghost
  5486 | D:5      | Reached skill level 6 in Fighting
  5486 | D:5      | Reached XP level 8. HP: 22/65 MP: 7/7
  5852 | D:5      | Reached skill level 7 in Fighting
  6249 | D:6      | Found Pynosor's Gadget Shoppe.
  6265 | D:6      | Gained mutation: You occasionally shout uncontrollably at your foes. [mutagenic meat]
  6266 | D:6      | Gained mutation: You are agile. (Dex +2) [mutagenic meat]
  6267 | D:6      | Gained mutation: You possess an exceptional clarity of mind. [mutagenic meat]
  6268 | D:6      | Gained mutation: Your system is resistant to poisons. [mutagenic meat]
  6269 | D:6      | Gained mutation: You are resistant to electric shocks. [mutagenic meat]
  6338 | D:6      | Reached skill level 8 in Fighting
  6598 | D:6      | Gained mutation: Your magical capacity is very low (-20% MP). [Ru sacrifice]
  6632 | D:6      | HP: 5/105 [poisoned by a killer bee]
  6632 | D:6      | Slain by a killer bee

Vault maps used:
D:1:      dpeg_cavernosity
D:2:      nicolae_dithmenos_shadow_blocks, first_bread
D:3:      fedhas_altar_3, fiery_altar_vehumet, lemuel_round_altar, uniq_iyjb,
          uniq_terence
D:4:      serial_shops, shop, nicolae_ossuary_entry_plus, vehumet_altar_wand_db
D:5:      temple_pool_a
D:6:      serial_shops, nicolae_shop_stone, minmay_misc_feat_ornament
D:7:      lemuel_coloured_pillars_altar, serial_shops, nicolae_shop_statue_plus
Temple:   water_room_temple_b_12
Ossuary:  ossuary_minmay_tomb_2a

Action                   |  1- 3 |  4- 6 |  7- 9 || total
-------------------------+-------+-------+-------++-------
Melee: Quarterstaff      |   131 |   252 |   210 ||   593
Throw: Throwing net      |     1 |     2 |       ||     3
Invok: Sacrifice Essence |       |       |     1 ||     1
Evoke: Wand              |       |       |     1 ||     1
  Use: Scroll            |     4 |     1 |     6 ||    11
       Potion            |     2 |     5 |     7 ||    14
 Stab: Held in net/web   |     1 |       |       ||     1
       Distracted        |       |     1 |       ||     1
  Eat: Bread ration      |     1 |     2 |     2 ||     5
       Chunk             |       |       |     6 ||     6
